cohdb
Replays
Latest Replays
All Replays
Popular Replays
Top Player Replays
Match Explorer
How It Works
Community
CoH3 Stats
Reddit
Sign in to upload your games and track your stats! →
Sign in with Steam
Match 39298486
Unlisted
Match 39298486
Overview
Messages
Build Orders
End
Construct Infanterie Kompanie
Selects Breakthrough Battlegroup
MG 42 Machine Gun Team
Grenadier Squad
Grenadier Squad
Construct Luftwaffe Kompanie
Jäger Squad
MG 42 Bunker
Selects 2.5-tonne Cargo Truck
Jäger Squad
Support Elements
Marder III M Tank Destroyer
Jäger Squad
Wirbelwind Flakpanzer
Medical Station
Selects Blitzkrieg
Jäger Squad
Wirbelwind Flakpanzer
Wirbelwind Flakpanzer
Marder III M Tank Destroyer
(B)urn (L)oot (M)urder
CHINOOOK
belisarius
mfluder
qZeto
BIOHAZARD
Gorgolo
Decapsy
0
0
Comments
sign in to comment!
No comments posted yet!